 Dungeon Crawl Stone Soup version 0.20-a0-454-g2b43fbb (webtiles) character file.

62 M4edhros the Sneak (level 4, -4/28 HPs)
             Began as an Octopode Artificer on Jan 9, 2017.
             Slain by a hornet zombie (5 damage)
             ... on level 5 of the Dungeon.
             The game lasted 00:00:46 (1013 turns).

M4edhros the Sneak (Octopode Artificer)             Turns: 1013, Time: 00:00:47

Health: -4/28      AC:  1    Str: 11    XL:     4   Next: 8%
Magic:  6/6        EV: 13    Int: 13    God:
Gold:   25         SH:  0    Dex: 13    Spells: 3/3 levels left

rFire  . . .     SeeInvis .     a - +0 short sword
rCold  . . .     Gourm    .     (no shield)
rNeg   . . .     Faith    .     (helmet restricted)
rPois  .         Spirit   .     (no amulet)
rElec  .         Reflect  .     h - ring of stealth
rCorr  .         Harm     .     (no ring)
MR     .....                    (no ring)
Stlth  +++++.....               (no ring)
                                (no ring)
                                (no ring)
                                (no ring)
                                (no ring)

@: no status effects
A: almost no armour, stealthy swim, amphibious, 8 rings, constrict 8, camouflage
1, gelatinous body 1
a: no special abilities


You were on level 5 of the Dungeon.
You were not hungry.

You visited 1 branch of the dungeon, and saw 5 of its levels.

You collected 25 gold pieces.

Inventory:

Hand Weapons
 a - a +0 short sword (weapon)
Jewellery
 h - a ring of stealth (left tentacle)
Wands
 b - a wand of flame (11/48)
 c - a wand of enslavement (13/24)
 d - a wand of random effects (15/48)
Scrolls
 e - a scroll of remove curse {unknown}
Comestibles
 f - 2 bread rations
 g - a meat ration


   Skills:
 - Level 1.0 Fighting
 - Level 1.0 Short Blades
 - Level 2.0 Dodging
 + Level 5.5 Stealth
 - Level 3.2 Evocations


You had 3 spell levels left.
You didn't know any spells.

Dungeon Overview and Level Annotations

Branches:
Dungeon (4/15)
 Temple: D:4-7

Altars:
Zin

Shops:
D:5 *

Annotations:
D:2 Robin


Innate Abilities, Weirdness & Mutations

You cannot wear most types of armour.
You are very stealthy in the water. (Stealth+)
You are amphibious.
You can wear up to eight rings at the same time.
You can use your tentacles to constrict eight enemies at once.
Your skin changes colour to match your surroundings (Stealth+).
Your rubbery body absorbs attacks. (AC +1, EV +1)


Message History

Evoke which item? (* to show all) (? for menu, Esc to quit)
Aiming: Throw Flame
Press: ? - help, Shift-Dir - straight line, f/p - hornet zombie
Aim: a hornet zombie (heavily damaged, constricted by you)
The puff of flame hits the hornet zombie.
The hornet zombie is heavily damaged.
This wand has 12 charges left.
You constrict the hornet zombie. The hornet zombie hits you!
* * * LOW HITPOINT WARNING * * *
The hornet zombie barely misses you.
Evoke which item? (* to show all) (? for menu, Esc to quit)
Aiming: Throw Flame
Press: ? - help, Shift-Dir - straight line, f/p - hornet zombie
Aim: a hornet zombie (heavily damaged, constricted by you)
The puff of flame hits the hornet zombie.
The hornet zombie is severely damaged.
This wand has 11 charges left.
You constrict the hornet zombie, but do no damage.
The hornet zombie hits you.
You die...

## .# .# .# .#
.# ###Z#####
#.@.....#
#.......#
#.......#
#......$#
#.......# ..
#.......# ...
#.......# ....
#.......#
....##.......#


You could see a hornet zombie.

Vanquished Creatures
  A jelly (D:5)
  An adder (D:5)
  An ooze (D:1)
  3 orcs (D:4)
  A giant cockroach (D:2)
  2 goblins
  3 hobgoblins
  A quokka (D:3)
  A ball python (D:3)
  A rat (D:2)
15 creatures vanquished.

Notes
Turn   | Place    | Note
-------+----------+-------------------------------------------
     0 | D:1      | M4edhros the Octopode Artificer began the quest for the Orb.
     0 | D:1      | Reached XP level 1. HP: 13/13 MP: 3/3
    46 | D:1      | Reached skill level 2 in Stealth
    61 | D:1      | Reached XP level 2. HP: 15/18 MP: 4/4
    69 | D:2      | Reached skill level 3 in Stealth
   218 | D:2      | Noticed Robin
   876 | D:4      | You fall through a shaft!
   876 | D:5      | Entered Level 5 of the Dungeon
   876 | D:5      | Found Zin's Purification Station.
   876 | D:5      | Found a glowing silver altar of Zin.
   914 | D:5      | Reached skill level 5 in Stealth
   914 | D:5      | Reached XP level 3. HP: 20/23 MP: 5/5
  1001 | D:5      | Reached XP level 4. HP: 28/28 MP: 6/6
  1012 | D:5      | HP: 1/28 [hornet zombie (9)]
  1013 | D:5      | Slain by a hornet zombie

Vault maps used:
D:1:      lightli_arrival_windingriver
D:2:      uniq_robin
D:3:      vehumet_crystals
D:4:      first_bread, roderic_roman_lattice
D:5:      yredelemnul_forgotten_temple_becter, okawaru_trees_2, zin_purify,
          serial_shops, shop, basic_altar, nemelex_spade_bored_becter

Skill      XL: |  1  2 |
---------------+-------+-----
Stealth        | 2 5 |  5.5
Fighting       | |  1.0
Short Blades   | |  1.0
Dodging        | |  2.0
Evocations     | |  3.2

Action                   |  1- 3 |  4- 6 || total
-------------------------+-------+-------++-------
Melee: Short sword       |    27 |     2 ||    29
       Tentacles         |     6 |     1 ||     7
       Constrict         |     8 |     1 ||     9
Evoke: Wand              |     2 |     4 ||     6
 Stab: Sleeping          |     4 |     1 ||     5
Dodge: Dodged            |    14 |     4 ||    18
